 Dungeon Crawl Stone Soup version 0.28-a0-1152-g9c71ebef14 (webtiles) character file.

Game seed: 10416044153080992831

5 spaghetti the Sneak (level 1, -1/14 HPs)
             Began as a Tengu Delver on Dec 14, 2021.
             Slain by an iguana (8 damage)
             ... on level 6 of the Dungeon.
             The game lasted 00:01:06 (266 turns).

spaghetti the Sneak (Tengu Delver)                   Turns: 266, Time: 00:01:06

Health: -1/14      AC:  3    Str: 12    XL:     1   Next: 80%
Magic:  2/2        EV: 12    Int: 10    God:
Gold:   0          SH:  0    Dex: 15    Spells: 0/0 levels left

rFire   . . .      SeeInvis .   a - +0 falchion {long}
rCold   . . .      Faith    .   (no shield)
rNeg    . . .      Spirit   .   b - +0 leather armour
rPois   .          Reflect  .   (helmet restricted)
rElec   .          Harm     .   (no cloak)
rCorr   .          Rampage  .   (no gloves)
Will    .....                   (boots unavailable)
Stlth   +++.......              (no amulet)
HPRegen 0.04/turn               (no ring)
MPRegen 0.08/turn               (no ring)

@: no status effects
A: beak, talons 3
a: no special abilities


You were on level 6 of the Dungeon.
You visited 1 branch of the dungeon, and saw 2 of its levels.


Innate Abilities, Weirdness & Mutations

You have a beak for a mouth.
You have claws for feet.


   Skills:
 - Level 3.0 Fighting
 + Level 2.5 Long Blades
 + Level 2.5 Dodging
 - Level 5.0 Stealth


You couldn't memorise any spells.
You didn't know any spells.
Your spell library was empty.

Inventory:

Hand Weapons
 a - a +0 falchion (weapon) {long}
 i - a +2 triple sword of holy wrath {longrare=g}
   (You acquired it on level 5 of the Dungeon)
Missiles
 h - 39 stones (quivered) {throwing}
Armour
 b - a +0 leather armour (worn)
Wands
 e - a wand of charming (11)
   (You found it on level 6 of the Dungeon)
 g - a wand of digging (3)
Scrolls
 c - a scroll of fog
 d - a scroll of magic mapping {!r}

Dungeon Overview and Level Annotations

Branches:
Dungeon (6/15)
 Temple: D:4-7

Altars:

.. #.######...#
#.....#.....# #..##
#.....#...#.# #...#
#.....#...#.# ##..#
#.........#.####..##
#.........#.#...#..#
#....#....#.#.#.#..##
#.............#.#...#
#...........###@##..#
#...........#
#l##$.###
#####..[....#
#.c.Z.).#
#..........#
#####...#
#.###......# #.......
#.# #......# #..l!...
#.# #......#
#........
.##.###......#
#.....c..
..<.....)....#
#........


You could see a centaur and an iguana.


Message History

The ufetubus hits you but does no damage.
The ufetubus misses you.
Okay, then.
Okay, then.
Okay, then.
Unknown command.
Unknown command.
You miss the ufetubus. Your kick misses the ufetubus.
The ufetubus barely misses you. The ufetubus hits you.
* * * LOW HITPOINT WARNING * * *
The ufetubus closely misses you.
The ufetubus hits you but does no damage. 😨 HP[-3]
You take 3 damage, and now have 7/14 hp.
MASSIVE DAMAGE!! (PAUSE) Unknown command.
Okay, then.
As you read the scroll of fear, it crumbles to dust.
You assume a fearsome visage.
The ufetubus looks frightened!
A sky beast comes into view.
Okay, then.
Okay, then.
Okay, then.
Okay, then.
You feel yourself speed up. The ufetubus misses you.
The ufetubus closely misses you.
The ufetubus hits you but does no damage.
The ufetubus misses you.
You barely miss the ufetubus.
Your attack snaps the ufetubus out of its fear.
You claw the ufetubus!
You kill the ufetubus!
Your extra speed is starting to run out.
You feel yourself slow down.
Key pressed, stopping explore.
Unknown command. 😮 HP[+3]
You regained 3 hp, and now have 10/14 hp.
Unknown command.
Unknown command.
You start resting. 😎 HP[+4]
Your hp is fully restored (14).
e - a wand of charming (11)
f - a grey potion It was a potion of curing.
You feel better.
h - 39 stones {throwing} (gained 22)
f - a scroll labelled CADDEH ZURUA Unknown command.
Unknown command.
Found a stone staircase leading down.
A bullfrog skeleton comes into view.
The bullfrog skeleton moves out of view.
An iguana comes into view.
There are monsters nearby!
The iguana hisses angrily.
A centaur comes into view.
The centaur shouts!
The centaur wields a +0 shortbow.
The centaur shoots an arrow.
The arrow barely misses you.
You hit the bullfrog skeleton.
You claw the bullfrog skeleton, but do no damage.
The bullfrog skeleton hits you but does no damage.
You hit the bullfrog skeleton.
You peck the bullfrog skeleton, but do no damage.
The bullfrog skeleton hits you but does no damage.
The bullfrog skeleton barely misses you.
You hit the bullfrog skeleton.
The bullfrog skeleton closely misses you.
You aren't carrying any potions.
Unknown command.
You hit the bullfrog skeleton. You claw the bullfrog skeleton.
The bullfrog skeleton hits you. 😕 HP[-2]
You take 2 damage, and now have 12/14 hp.
Sorry, you're not good enough to have a special ability.
Unknown command.
As you read the scroll labelled CADDEH ZURUA, it crumbles to dust.
It is a scroll of enchant weapon.
Your +1 triple sword of holy wrath {longrare=g} glows red for a moment.
You hit the iguana. You claw the iguana, but do no damage.
You peck the iguana, but do no damage. The iguana barely misses you.
You hit the iguana. You claw the iguana, but do no damage.
The iguana bites you but does no damage.
You barely miss the iguana. You peck the iguana, but do no damage.
The iguana misses you.
Unknown command.
You barely miss the iguana. You claw the iguana!
You peck the iguana, but do no damage. The iguana bites you.
* * * LOW HITPOINT WARNING * * *
😨 HP[-6]
You take 6 damage, and now have 6/14 hp.
MASSIVE DAMAGE!! (PAUSE) Unknown command.
You aren't carrying any potions.
Unknown command.
Okay, then.
The iguana bites you!
Ouch! That really hurt!
You die...

Action                   || total
-------------------------++-------
Melee: Falchion          ||    10
       Kick              ||     6
       Peck              ||     4
  Use: Scroll            ||     3
       Potion            ||     2
Armor: Leather armour    ||    11
Dodge: Dodged            ||    22

Levels and vault maps discovered:
D:5:      layout_cave_pools, grunt_temple_overflow_open,
          chequers_serial_rivers_small_3, minmay_misc_feat_square
D:6:      layout_basic, mainiacjoe_overflow_alcove_2

Notes
Turn   | Place    | Note
-------+----------+-------------------------------------------
     0 | D:5      | spaghetti the Tengu Delver began the quest for the Orb.
     0 | D:5      | Reached XP level 1. HP: 14/14 MP: 2/2
     0 | D:5      | magus.rc [v1.9.6]
     7 | D:5      | Noticed a hound
    13 | D:5      | Identified a scroll of acquirement
    13 | D:5      | Acquired a +1 triple sword of holy wrath
    14 | D:5      | i - a +1 triple sword of holy wrath {longrare=g}
    32 | D:6      | Noticed a sky beast
   251 | D:6      | Noticed an iguana
   252 | D:6      | Noticed a centaur
   261 | D:6      | your +1 triple sword of holy wrath {longrare=g} glows red
                  | for a moment.
   266 | D:6      | Slain by an iguana

Vanquished Creatures
  An ufetubus (D:6)
1 creature vanquished.

Table legend:
 A = Non-vault XP
 B = Vault XP
 C = Vault XP percentage of total XP
 D = Non-vault monster count
 E = Vault monster count
 F = Vault count percentage of total count
                 A         B        C        D         E       F
            +---------+---------+-------+---------+---------+-------
      Total |       8 |       0 |   0.0 |       1 |       0 |   0.0
            +---------+---------+-------+---------+---------+-------
        D:6 |       8 |       0 |   0.0 |       1 |       0 |   0.0
            +---------+---------+-------+---------+---------+-------

Illustrated notes

Table legend:
 A = Kills in this place as a percentage of kills in entire the game.
 B = Kills by you in this place as a percentage of kills by you in the entire game.
 C = Kills by friends in this place as a percentage of kills by friends in the entire game.
 D = Other kills in this place as a percentage of other kills in the entire game.
 E = Experience gained in this place as a percentage of experience gained in the entire game.
 F = Experience gained in this place divided by the number of levels of this place that you have seen.
                   A       B       C       D       E      F
               +-------+-------+-------+-------+-------+----------------------
         Total | 100.0 | 100.0 |   N/A |   N/A | 100.0 |   4.0
       Dungeon | 100.0 | 100.0 |   N/A |   N/A | 100.0 |   4.0
               +-------+-------+-------+-------+-------+----------------------

Table legend: (Time is in decaauts)
 A = Elapsed time spent in this place.
 B = Non-inter-level travel time spent in this place.
 C = Inter-level travel time spent in this place.
 D = Time resting spent in this place.
 E = Time spent auto-exploring this place.
 F = Levels seen in this place.
 G = Mean time per level.
                   A        B        C        D        E       F      G
               +--------+--------+--------+--------+--------+-----+--------+
         Total |    249 |    249 |      0 |     81 |    111 |   2 |  124.5 |
       Dungeon |    249 |    249 |      0 |     81 |    111 |   2 |  124.5 |
               +--------+--------+--------+--------+--------+-----+--------+

Top non-repeatable levels by time:
     D:6: 226 daAuts
     D:5: 23 daAuts
